 Dungeon Crawl Stone Soup version 0.30-a0-165-g1891117ce2 (webtiles) character file.

Game seed: 10788977853254667312

16868 qw the Cleaver (level 12, -3/77 HPs)
             Began as a Gargoyle Fighter on Sept 28, 2022.
             Was a High Priest of Okawaru.
             Slain by a cane toad (6 damage)
             ... on level 3 of the Lair of Beasts.
             The game lasted 00:05:51 (14465 turns).

qw the Cleaver (Gargoyle Fighter)                  Turns: 14465, Time: 00:05:51

Health: -3/77      AC: 35    Str: 30    XL:     12   Next: 42%
Magic:  19/19      EV: 11    Int: 12    God:    Okawaru [*****.]
Gold:   396        SH:  6    Dex:  9    Spells: 11/11 levels left

rFire   . . .      SeeInvis .    k - +2 war axe
rCold   . . .      Faith    .    c - +0 buckler
rNeg    + . .      Spirit   .    l - +6 chain mail "Qyoresk" {Will+ Int+2}
rPois   inf        Reflect  .    h - +0 helmet
rElec   +          Harm     .    (no cloak)
rCorr   .          Rampage  .    (no gloves)
Will    +....                    g - +1 pair of boots {Stlth+}
Stlth   +.........               (no amulet)
HPRegen 0.22/turn                s - +6 ring of strength
MPRegen 0.16/turn                m - +4 ring of protection

@: about to teleport, heroic
A: sickness immunity, AC +8, negative energy resistance 1, electricity
resistance, torment resistance 1, petrification resistance
a: Renounce Religion, Heroism, Finesse, Duel


You were on level 3 of the Lair of Beasts.
You worshipped Okawaru.
Okawaru was extremely pleased with you.
You visited 3 branches of the dungeon, and saw 13 of its levels.

You collected 739 gold pieces.
You spent 343 gold pieces at shops.


Innate Abilities, Weirdness & Mutations

You are immune to sickness and miasma.
Your stone body is resilient. (AC +8)
You are immune to poison.
You resist negative energy. (rN+)
You are resistant to electric shocks. (rElec)
You are resistant to unholy torment.
You are immune to petrification.


   Skills:
 - Level 10.0(15.0) Fighting
 + Level 12.8(17.8) Axes
 - Level 1.2(6.2) Throwing
 - Level 7.0(12.0) Armour
 - Level 2.1(7.1) Dodging
 - Level 6.0(11.0) Shields
 + Level 9.5 Invocations


You had 11 spell levels left.
You didn't know any spells.
Your spell library was empty.

Inventory:

Hand Weapons
 k - a +2 war axe (weapon)
 n - a +2 morningstar
Missiles
 f - 3 boomerangs (quivered)
Armour
 b - +0 acid dragon scales
 c - a +0 buckler (worn)
 g - a +1 pair of boots of stealth (worn)
 h - a +0 helmet (worn)
 l - the +6 chain mail "Qyoresk" (worn) {Will+ Int+2}
   (You found it on level 9 of the Dungeon)

   Int:       It affects your intelligence (+2).
   Will:      It increases your willpower.
 o - the +5 chain mail "Xaumunev" {rElec rC+ Str+3 Int+2 Dex-5}
   (You found it on level 6 of the Dungeon)

   Str:       It affects your strength (+3).
   Int:       It affects your intelligence (+2).
   Dex:       It affects your dexterity (-5).
   rC:        It protects you from cold.
   rElec:     It insulates you from electricity.
Jewellery
 a - a ring of ice
 m - a +4 ring of protection (right hand)
 s - a +6 ring of strength (left hand)
 Y - a ring of protection from cold
Scrolls
 j - 10 scrolls of identify
 p - 3 scrolls of teleportation
 t - 2 scrolls of acquirement {unknown}
Potions
 d - 4 potions of might
 e - 2 potions of mutation
 i - a potion of attraction
 q - 4 potions of lignification
 r - 3 potions of haste

Dungeon Overview and Level Annotations

Branches:
Dungeon (9/15)             Temple (1/1) D:6            Lair (3/5) D:9
  Swamp (0/4) Lair:2
  Snake: Lair:2-3    Spider: Lair:2-3       Orc: D:9-12

Altars:
Ashenzari
Cheibriados
Dithmenos
Fedhas
Gozag
Hepliaklqana
Kikubaaqudgha
Makhleb
Nemelex Xobeh
Okawaru
Qazlal
Ru
Sif Muna
Trog
Uskayaw
Vehumet
Wu Jian
Xom
Yredelemnul
Zin
The Shining One

Shops:
D:2 ?   D:4 [   D:5 :   D:6 !*::[

Annotations:
D:4 2 transporters, qw's ghost, amateur GrFi


Message History

The blink frog hits you!
The blink frog blinks!
You block the blink frog's attack.
You slash the blink frog!
You kill the blink frog!
Okawaru accepts your kill.
You barely miss the blink frog.
The blink frog is severely wounded.
The blink frog hits you.
14456 ||| READING 5 scrolls of teleportation.
As you read the scroll of teleportation, it crumbles to dust.
You feel strangely unstable.
The blink frog hits you but does no damage.
The blink frog closely misses you.
You slash the blink frog!
You kill the blink frog!
Okawaru accepts your kill.
You start resting.
Your surroundings seem slightly different.
A cane toad comes into view.
The cane toad gives a loud, deep croak!
Enter note: Throw: 3 boomerangs
Press: ? - help, Q - select action Shift-Dir - straight line, f - cane toad You throw a boomerang.
The boomerang barely misses the cane toad.
14461 ||| READING 4 scrolls of teleportation.
As you read the scroll of teleportation, it crumbles to dust.
You feel strangely unstable.
You slash the cane toad!
The cane toad is moderately wounded.
The cane toad stings you!
You hit the cane toad but do no damage.
The cane toad is moderately wounded.
You hit the cane toad.
The cane toad is moderately wounded.
The cane toad barely misses you.
You slash the cane toad!
The cane toad is severely wounded.
The cane toad stings you.
You die...

####...##.###
#.........#.#
............
...........#
...........##
............#
..#....F..##.# #..
.......@....# ..
#..
..#####.....#####.#
#... .#..........#
#... ###..........#
...
............####.#
...............#..
......%$...##.....
......%%%.........
.................#


You could see a cane toad.

Vanquished Creatures
  3 hydras (Lair:2)
  4 death yaks (Lair:2)
  2 two-headed ogres
  2 cane toads
  2 rime drakes
  A polar bear (Lair:2)
  A hornet (D:8)
  Grinder (D:4)
  3 blink frogs (Lair:3)
  2 wyverns (D:9)
  9 yaks (Lair:1)
  3 basilisks
  2 steam dragons
  2 swamp worms (Lair:2)
  An acid dragon (D:7)
  12 water moccasins
  7 orc warriors
  Pargi (D:4)
  12 wolves
  3 black bears
  3 ice beasts
  2 centaurs
  3 necrophages
  2 kobold brigands
  5 scorpions
  8 bullfrogs
  13 wights
  2 jellies
  15 orc priests
  A hound (D:6)
  Terence (D:2)
  Jessica (D:3)
  7 hell rats (Lair:3)
  4 iguanas
  8 orc wizards
  9 adders
  3 white imps
  2 ufetubi
  A worm (D:2)
  4 dart slugs
  49 orcs
  4 ball pythons
  5 bats
  7 endoplasms
  A giant cockroach (D:1)
  8 goblins
  9 hobgoblins
  2 quokkas (D:3)
  3 frilled lizards
  14 kobolds
  4 rats (D:1)
  A bush (D:9)
274 creatures vanquished.

Vanquished Creatures (others)
  10 fungi
  9 plants
19 creatures vanquished.

Grand Total: 293 creatures vanquished

Notes
Turn   | Place    | Note
-------+----------+-------------------------------------------
     0 | D:1      | qw the Gargoyle Fighter began the quest for the Orb.
     0 | D:1      | Reached XP level 1. HP: 14/14 MP: 1/1
     0 | D:1      | 0 ||| qw: Version: 0.2-a-10-g37ed214
     0 | D:1      | 0 ||| qw: Game counter: 726
     0 | D:1      | 0 ||| qw: Always use a shield: true
     0 | D:1      | 0 ||| qw: God list: Okawaru
     0 | D:1      | 0 ||| qw: Allow faded altars: false
     0 | D:1      | 0 ||| qw: Do Orc after D:15 true
     0 | D:1      | 0 ||| qw: Do second Lair branch before Depths: true
     0 | D:1      | 0 ||| qw: Lair rune preference: random
     0 | D:1      | 0 ||| qw: Plans: Normal, Zot:1-4, God:TSO, Crypt, Tomb,
                  | Pan, Slime:5, Hells, Abyss, Orb
     0 | D:1      | 0 ||| PLANNING D:1-11
    30 | D:1      | Reached skill level 2 in Axes
   208 | D:1      | Reached XP level 2. HP: 19/19 MP: 2/2
   327 | D:1      | 327 ||| Stepping ~*~*~tactically~*~*~ (stealth).
   698 | D:1      | Reached skill level 3 in Axes
   763 | D:1      | Reached XP level 3. HP: 21/23 MP: 3/3
   976 | D:1      | 976 ||| DROPPING orb of wrath.
   977 | D:1      | 977 ||| UPGRADING to +1 pair of boots of stealth.
   982 | D:1      | 982 ||| UPGRADING to +0 helmet.
   987 | D:1      | 987 ||| READING scroll labelled HIGRUD KEFUX.
   990 | D:1      | 990 ||| READING scroll labelled IRIVUTA NIDICH.
   991 | D:1      | 991 ||| READING scroll labelled JENARCHA POHINA.
   992 | D:1      | 992 ||| DRINKING 2 black potions.
  1065 | D:2      | Noticed Terence
  1070 | D:2      | Killed Terence
  1135 | D:2      | Reached XP level 4. HP: 27/28 MP: 4/4
  1194 | D:2      | 1194 ||| Stepping ~*~*~tactically~*~*~ (hiding).
  1336 | D:2      | 1336 ||| Stepping ~*~*~tactically~*~*~ (stealth).
  1410 | D:2      | Reached skill level 4 in Axes
  1593 | D:2      | Found Erchao's Magic Scroll Shoppe.
  1603 | D:2      | 1603 ||| BUYING scroll of identify (28 gold).
  1603 | D:2      | Bought a scroll of identify for 28 gold pieces
  1603 | D:2      | 1603 ||| BUYING scroll of identify (28 gold).
  1603 | D:2      | Bought a scroll of identify for 28 gold pieces
  1603 | D:2      | 1603 ||| BUYING scroll of identify (28 gold).
  1603 | D:2      | Bought a scroll of identify for 28 gold pieces
  1603 | D:2      | 1603 ||| BUYING scroll of identify (28 gold).
  1603 | D:2      | Bought a scroll of identify for 28 gold pieces
  1603 | D:2      | 1603 ||| BUYING scroll of teleportation (42 gold).
  1603 | D:2      | Bought a scroll of teleportation for 42 gold pieces
  1603 | D:2      | 1603 ||| SHOPLISTING scroll of teleportation (42 gold, have
                  | 4).
  1630 | D:2      | 1630 ||| Stepping ~*~*~tactically~*~*~ (hiding).
  1634 | D:2      | 1634 ||| Stepping ~*~*~tactically~*~*~ (hiding).
  1906 | D:2      | 1906 ||| UPGRADING to ring of protection from cold.
  1907 | D:2      | 1907 ||| READING 2 scrolls labelled TERGHA SITTEOQ.
  1908 | D:2      | 1908 ||| READING scroll labelled SIOCAIMNADEU.
  1909 | D:2      | 1909 ||| READING scroll labelled XALYZU HUDGH.
  1910 | D:2      | 1910 ||| READING scroll labelled AMUFIN IDOFE.
  1911 | D:2      | 1911 ||| READING 8 scrolls of identify.
  1911 | D:2      | 1911 ||| IDENTIFYING bubbling blue potion
  1912 | D:2      | 1912 ||| READING 7 scrolls of identify.
  1912 | D:2      | 1912 ||| IDENTIFYING grey potion
  1913 | D:2      | 1913 ||| READING 6 scrolls of identify.
  1913 | D:2      | 1913 ||| IDENTIFYING fuming clear potion
  1914 | D:2      | 1914 ||| READING 5 scrolls of identify.
  1914 | D:2      | 1914 ||| IDENTIFYING fizzy black potion
  1915 | D:2      | 1915 ||| READING 4 scrolls of identify.
  1915 | D:2      | 1915 ||| IDENTIFYING clear potion
  1916 | D:2      | 1916 ||| DROPPING potion of flight.
  1917 | D:2      | 1917 ||| DROPPING potion of ambrosia.
  1918 | D:2      | 1918 ||| DROPPING scroll of poison.
  1919 | D:2      | 1919 ||| DROPPING potion of magic.
  1958 | D:3      | Found a faded altar of an unknown god.
  2075 | D:3      | 2075 ||| Stepping ~*~*~tactically~*~*~ (stealth).
  2271 | D:3      | Reached XP level 5. HP: 25/32 MP: 5/5
  2333 | D:3      | 2333 ||| DROPPING +0 club.
  2336 | D:3      | 2336 ||| DROPPING +0 whip.
  2367 | D:3      | Noticed Jessica
  2369 | D:3      | 2369 ||| Stepping ~*~*~tactically~*~*~ (hiding).
  2387 | D:3      | HP: 4/32 [Jessica/+0 club (6)]
  2388 | D:3      | 2388 ||| READING scroll of teleportation.
  2390 | D:3      | Killed Jessica
  2825 | D:3      | Found a glowing golden altar of the Shining One.
  2825 | D:3      | Found an ornate altar of the Wu Jian Council.
  2826 | D:3      | 2826 ||| Stepping ~*~*~tactically~*~*~ (hiding).
  2827 | D:3      | 2827 ||| Stepping ~*~*~tactically~*~*~ (hiding).
  2828 | D:3      | 2828 ||| Stepping ~*~*~tactically~*~*~ (hiding).
  2840 | D:3      | Reached skill level 5 in Axes
  2983 | D:3      | 2983 ||| DROPPING +1 vorpal mace.
  3257 | D:3      | 3257 ||| UPGRADING to +0 chain mail.
  3267 | D:3      | 3267 ||| DROPPING +0 scale mail.
  3268 | D:3      | 3268 ||| READING 3 scrolls labelled SIOSAEQ CAACLU.
  3269 | D:3      | 3269 ||| READING 5 scrolls of identify.
  3269 | D:3      | 3269 ||| IDENTIFYING bubbling black potion
  3270 | D:3      | 3270 ||| DROPPING 2 scrolls of immolation.
  3304 | D:4      | Found a shimmering blue altar of Sif Muna.
  3323 | D:4      | Noticed an ice beast
  3335 | D:4      | Killed an ice beast
  3336 | D:4      | Reached XP level 6. HP: 28/40 MP: 6/6
  3433 | D:4      | 3433 ||| Stepping ~*~*~tactically~*~*~ (stealth).
  3458 | D:4      | Found Vyucw's Armour Emporium.
  3480 | D:4      | Noticed qw's ghost (amateur GrFi)
  3778 | D:4      | Found a transporter.
  3838 | D:4      | Noticed Pargi
  3857 | D:4      | Killed Pargi
  3892 | D:4      | Found a transporter.
  3897 | D:4      | Noticed Grinder
  3901 | D:4      | Paralysed by Grinder for 3 turns
  3913 | D:4      | Killed Grinder
  3914 | D:4      | Reached skill level 6 in Axes
  3914 | D:4      | Reached XP level 7. HP: 27/44 MP: 7/7
  4336 | D:4      | 4336 ||| UPGRADING to +4 ring of protection.
  4337 | D:4      | 4337 ||| READING 4 scrolls of identify.
  4337 | D:4      | 4337 ||| IDENTIFYING pink potion
  4358 | D:5      | Entered Level 5 of the Dungeon
  4406 | D:5      | Reached skill level 1 in Dodging
  4444 | D:5      | Reached skill level 7 in Axes
  4600 | D:5      | 4600 ||| Stepping ~*~*~tactically~*~*~ (hiding).
  4637 | D:5      | Found a bloodstained altar of Trog.
  4669 | D:5      | Reached XP level 8. HP: 48/49 MP: 8/8
  4677 | D:5      | 4677 ||| Stepping ~*~*~tactically~*~*~ (stealth).
  4790 | D:5      | 4790 ||| Stepping ~*~*~tactically~*~*~ (hiding).
  4798 | D:5      | Reached skill level 8 in Axes
  4954 | D:5      | Found Egaurego's Tremendous Tomes.
  4978 | D:5      | Found a broken altar of Ashenzari.
  5169 | D:5      | 5169 ||| UPGRADING to +0 plate armour.
  5179 | D:5      | 5179 ||| DROPPING +0 chain mail.
  5210 | D:6      | Found Fenliul's Distillery.
  5229 | D:6      | 5229 ||| BUYING potion of cancellation (96 gold).
  5229 | D:6      | Bought a potion of cancellation for 96 gold pieces
  5229 | D:6      | 5229 ||| SHOPLISTING potion of haste (120 gold, have 102).
  5229 | D:6      | 5229 ||| BUYING potion of lignification (36 gold).
  5229 | D:6      | Bought a potion of lignification for 36 gold pieces
  5383 | D:6      | Identified the +5 chain mail "Xaumunev" {rElec rC+ Str+3
                  | Int+2 Dex-5}
  5399 | D:6      | Found Limustrixka's Assorted Antiques.
  5402 | D:6      | 5402 ||| SHOPLISTING cloak (135 gold, have 66).
  5402 | D:6      | 5402 ||| BUYING glowing black potion (27 gold).
  5402 | D:6      | Bought a glowing black potion for 27 gold pieces
  5402 | D:6      | 5402 ||| SHOPLISTING pair of glowing boots (225 gold, have
                  | 39).
  5402 | D:6      | 5402 ||| BUYING scroll labelled JOPTAN EFRUCE (30 gold).
  5402 | D:6      | Bought a scroll labelled JOPTAN EFRUCE for 30 gold pieces
  5402 | D:6      | 5402 ||| SHOPLISTING scroll labelled UGURIC DEIB (30 gold,
                  | have 9).
  5402 | D:6      | 5402 ||| SHOPLISTING scroll of identify (60 gold, have 9).
  5405 | D:6      | 5405 ||| Stepping ~*~*~tactically~*~*~ (hiding).
  5406 | D:6      | 5406 ||| Stepping ~*~*~tactically~*~*~ (hiding).
  5464 | D:6      | Found Suys's Book Shoppe.
  5600 | D:6      | Found a sparkling altar of Nemelex Xobeh.
  5663 | D:6      | 5663 ||| Stepping ~*~*~tactically~*~*~ (stealth).
  5671 | D:6      | 5671 ||| Stepping ~*~*~tactically~*~*~ (stealth).
  5673 | D:6      | 5673 ||| Stepping ~*~*~tactically~*~*~ (hiding).
  5724 | D:6      | 5724 ||| FLEEEEING.
  5781 | D:6      | 5781 ||| FLEEEEING.
  5882 | D:6      | Reached skill level 6 in Fighting
  5921 | D:6      | Found a basalt altar of Yredelemnul.
  6057 | D:6      | Found a staircase to the Ecumenical Temple.
  6057 | D:6      | Found Yhaseaz's Book Emporium.
  6058 | D:6      | 6058 ||| PLANNING TEMPLE
  6058 | D:6      | 6058 ||| UPGRADING to +5 chain mail "Xaumunev" {rElec rC+
                  | Str+3 Int+2 Dex-5}.
  6063 | D:6      | 6063 ||| FLEEEEING.
  6071 | D:6      | 6071 ||| FLEEEEING.
  6072 | D:6      | 6072 ||| FLEEEEING.
  6073 | D:6      | 6073 ||| FLEEEEING.
  6080 | D:6      | 6080 ||| FLEEEEING.
  6081 | D:6      | 6081 ||| FLEEEEING.
  6082 | D:6      | 6082 ||| FLEEEEING.
  6083 | D:6      | 6083 ||| FLEEEEING.
  6084 | D:6      | 6084 ||| FLEEEEING.
  6091 | D:6      | 6091 ||| STAIRDANCE
  6093 | D:5      | 6093 ||| UPGRADING to +0 plate armour.
  6098 | D:5      | 6098 ||| UPGRADING to +5 chain mail "Xaumunev" {rElec rC+
                  | Str+3 Int+2 Dex-5}.
  6108 | D:5      | 6108 ||| DROPPING +0 plate armour.
  6109 | D:5      | 6109 ||| READING scroll labelled JOPTAN EFRUCE.
  6110 | D:5      | 6110 ||| READING 6 scrolls of identify.
  6110 | D:5      | 6110 ||| IDENTIFYING glowing black potion
  6143 | D:6      | 6143 ||| FLEEEEING.
  6156 | D:6      | 6156 ||| FLEEEEING.
  6164 | D:6      | 6164 ||| FLEEEEING.
  6165 | D:6      | 6165 ||| FLEEEEING.
  6166 | D:6      | 6166 ||| FLEEEEING.
  6173 | D:6      | 6173 ||| FLEEEEING.
  6174 | D:6      | 6174 ||| FLEEEEING.
  6175 | D:6      | 6175 ||| FLEEEEING.
  6176 | D:6      | 6176 ||| FLEEEEING.
  6177 | D:6      | 6177 ||| FLEEEEING.
  6184 | D:6      | 6184 ||| STAIRDANCE
  6190 | D:6      | 6190 ||| FLEEEEING.
  6192 | D:6      | 6192 ||| STAIRDANCE
  6202 | D:6      | 6202 ||| STAIRDANCE
  6213 | D:6      | 6213 ||| FLEEEEING.
  6214 | D:6      | 6214 ||| FLEEEEING.
  6216 | D:6      | 6216 ||| STAIRDANCE
  6220 | D:6      | 6220 ||| STAIRDANCE
  6232 | D:6      | 6232 ||| STAIRDANCE
  6244 | D:6      | 6244 ||| FLEEEEING.
  6246 | D:6      | 6246 ||| STAIRDANCE
  6250 | D:6      | 6250 ||| STAIRDANCE
  6254 | D:6      | 6254 ||| STAIRDANCE
  6259 | D:6      | 6259 ||| STAIRDANCE
  6267 | D:6      | 6267 ||| STAIRDANCE
  6298 | D:6      | 6298 ||| FLEEEEING.
  6301 | D:6      | 6301 ||| FLEEEEING.
  6302 | D:6      | 6302 ||| FLEEEEING.
  6304 | D:6      | 6304 ||| FLEEEEING.
  6305 | D:6      | 6305 ||| FLEEEEING.
  6306 | D:6      | 6306 ||| FLEEEEING.
  6307 | D:6      | 6307 ||| FLEEEEING.
  6308 | D:6      | 6308 ||| FLEEEEING.
  6313 | D:6      | 6313 ||| FLEEEEING.
  6314 | D:6      | 6314 ||| FLEEEEING.
  6315 | D:6      | 6315 ||| FLEEEEING.
  6316 | D:6      | 6316 ||| FLEEEEING.
  6317 | D:6      | 6317 ||| FLEEEEING.
  6318 | D:6      | 6318 ||| FLEEEEING.
  6325 | D:6      | 6325 ||| STAIRDANCE
  6332 | D:6      | 6332 ||| FLEEEEING.
  6334 | D:6      | 6334 ||| STAIRDANCE
  6338 | D:6      | 6338 ||| STAIRDANCE
  6342 | D:6      | 6342 ||| STAIRDANCE
  6364 | D:6      | 6364 ||| FLEEEEING.
  6365 | D:6      | 6365 ||| FLEEEEING.
  6367 | D:6      | 6367 ||| STAIRDANCE
  6372 | D:6      | 6372 ||| STAIRDANCE
  6403 | D:6      | 6403 ||| STAIRDANCE
  6410 | D:6      | 6410 ||| FLEEEEING.
  6411 | D:6      | 6411 ||| FLEEEEING.
  6413 | D:6      | 6413 ||| STAIRDANCE
  6419 | D:6      | 6419 ||| Stepping ~*~*~tactically~*~*~ (hiding).
  6481 | D:6      | 6481 ||| FLEEEEING.
  6484 | D:6      | 6484 ||| FLEEEEING.
  6529 | Temple   | Entered the Ecumenical Temple
  6531 | Temple   | 6531 ||| PLANNING OKAWARU WORSHIP
  6695 | Temple   | Became a worshipper of Warmaster Okawaru
  6696 | Temple   | 6696 ||| PLANNING D:1-11
  6729 | D:6      | Found a sacrificial altar of Ru.
  6746 | D:6      | Reached XP level 9. HP: 55/55 MP: 9/9
  6749 | D:6      | Reached skill level 9 in Axes
  6782 | D:6      | Found a blossoming altar of Fedhas.
  6804 | D:6      | Found a radiant altar of Vehumet.
  6805 | D:6      | 6805 ||| Stepping ~*~*~tactically~*~*~ (hiding).
  6921 | D:6      | Found Repnoezo's Armour Boutique.
  6931 | D:6      | 6931 ||| SHOPLISTING +4 kite shield "Sofuv" {Harm rF- Will-
                  | Str+8} (445 gold, have 25).
  6950 | D:6      | 6950 ||| READING scroll labelled CERRIO MALIPOL.
  6952 | D:6      | 6952 ||| READING scroll of teleportation.
  7411 | D:7      | 7411 ||| Stepping ~*~*~tactically~*~*~ (hiding).
  7521 | D:7      | HP: 11/55 [acid dragon/splash of acid (27)]
  7522 | D:7      | 7522 ||| DRINKING 2 potions of heal wounds.
  7531 | D:7      | HP: 8/55 [acid dragon (8)]
  7532 | D:7      | 7532 ||| DRINKING potion of heal wounds.
  7534 | D:7      | 7534 ||| DRINKING potion of cancellation.
  7539 | D:7      | 7539 ||| FLEEEEING.
  7540 | D:7      | 7540 ||| FLEEEEING.
  7541 | D:7      | 7541 ||| FLEEEEING.
  7543 | D:7      | 7543 ||| FLEEEEING.
  7544 | D:7      | 7544 ||| FLEEEEING.
  7545 | D:7      | 7545 ||| FLEEEEING.
  7546 | D:7      | 7546 ||| FLEEEEING.
  7547 | D:7      | 7547 ||| FLEEEEING.
  7548 | D:7      | 7548 ||| FLEEEEING.
  7549 | D:7      | 7549 ||| FLEEEEING.
  7550 | D:7      | 7550 ||| FLEEEEING.
  7551 | D:7      | 7551 ||| FLEEEEING.
  7552 | D:7      | 7552 ||| FLEEEEING.
  7555 | D:7      | 7555 ||| FLEEEEING.
  7556 | D:7      | 7556 ||| FLEEEEING.
  7557 | D:7      | 7557 ||| FLEEEEING.
  7558 | D:7      | 7558 ||| FLEEEEING.
  7559 | D:7      | 7559 ||| FLEEEEING.
  7560 | D:7      | 7560 ||| FLEEEEING.
  7561 | D:7      | 7561 ||| FLEEEEING.
  7562 | D:7      | 7562 ||| FLEEEEING.
  7565 | D:7      | 7565 ||| FLEEEEING.
  7566 | D:7      | 7566 ||| FLEEEEING.
  7567 | D:7      | 7567 ||| FLEEEEING.
  7568 | D:7      | 7568 ||| FLEEEEING.
  7569 | D:7      | 7569 ||| FLEEEEING.
  7570 | D:7      | 7570 ||| FLEEEEING.
  7574 | D:7      | 7574 ||| FLEEEEING.
  7575 | D:7      | 7575 ||| FLEEEEING.
  7576 | D:7      | 7576 ||| FLEEEEING.
  7577 | D:7      | 7577 ||| FLEEEEING.
  7578 | D:7      | 7578 ||| FLEEEEING.
  7579 | D:7      | 7579 ||| FLEEEEING.
  7586 | D:7      | 7586 ||| FLEEEEING.
  7587 | D:7      | 7587 ||| FLEEEEING.
  7588 | D:7      | 7588 ||| FLEEEEING.
  7589 | D:7      | 7589 ||| FLEEEEING.
  7590 | D:7      | 7590 ||| FLEEEEING.
  7592 | D:7      | 7592 ||| FLEEEEING.
  7593 | D:7      | 7593 ||| FLEEEEING.
  7595 | D:7      | 7595 ||| STAIRDANCE
  7701 | D:7      | 7701 ||| STAIRDANCE
  7710 | D:7      | 7710 ||| DRINKING potion of curing.
  7710 | D:7      | 7710 ||| (to cure confusion)
  7723 | D:7      | 7723 ||| FLEEEEING.
  7724 | D:7      | 7724 ||| STAIRDANCE
  7769 | D:7      | 7769 ||| Stepping ~*~*~tactically~*~*~ (stealth).
  7771 | D:7      | 7771 ||| Stepping ~*~*~tactically~*~*~ (hiding).
  8058 | D:7      | Reached * piety under Okawaru
  8059 | D:7      | 8059 ||| INVOKING Heroism.
  8070 | D:7      | Reached skill level 1 in Invocations
  8071 | D:7      | 8071 ||| INVOKING Heroism.
  8182 | D:7      | 8182 ||| INVOKING Heroism.
  8206 | D:7      | Reached skill level 3 in Invocations
  8277 | D:7      | Identified the +2 short sword of Integrity {flame, rN+
                  | Will++}
  8310 | D:7      | 8310 ||| INVOKING Heroism.
  8576 | D:7      | 8576 ||| Stepping ~*~*~tactically~*~*~ (hiding).
  8579 | D:7      | 8579 ||| INVOKING Heroism.
  8659 | D:8      | 8659 ||| INVOKING Heroism.
  8660 | D:8      | 8660 ||| STAIRDANCE
  8681 | D:8      | 8681 ||| STAIRDANCE
  8712 | D:8      | 8712 ||| INVOKING Heroism.
  8768 | D:8      | 8768 ||| Stepping ~*~*~tactically~*~*~ (hiding).
  8772 | D:8      | 8772 ||| INVOKING Heroism.
  8840 | D:8      | 8840 ||| Stepping ~*~*~tactically~*~*~ (hiding).
  8846 | D:8      | 8846 ||| INVOKING Heroism.
  8853 | D:8      | Reached skill level 1 in Throwing
  9057 | D:8      | Reached skill level 10 in Axes
  9057 | D:8      | Reached XP level 10. HP: 60/63 MP: 13/13
  9093 | D:8      | Found a hide-covered altar of Uskayaw.
  9243 | D:8      | 9243 ||| Stepping ~*~*~tactically~*~*~ (hiding).
  9254 | D:8      | 9254 ||| INVOKING Heroism.
  9360 | D:8      | 9360 ||| DROPPING +0 flail.
  9548 | D:8      | 9548 ||| INVOKING Heroism.
  9583 | D:8      | Noticed a two-headed ogre
  9584 | D:8      | 9584 ||| INVOKING Heroism.
  9590 | D:8      | Killed a two-headed ogre
  9699 | D:8      | 9699 ||| Stepping ~*~*~tactically~*~*~ (hiding).
  9704 | D:8      | 9704 ||| INVOKING Heroism.
  9734 | D:8      | Reached ** piety under Okawaru
  9735 | D:8      | 9735 ||| INVOKING Heroism.
  9740 | D:8      | 9740 ||| Stepping ~*~*~tactically~*~*~ (stealth).
  9747 | D:8      | 9747 ||| Stepping ~*~*~tactically~*~*~ (stealth).
  9749 | D:8      | 9749 ||| INVOKING Heroism.
  9786 | D:8      | 9786 ||| FLEEEEING.
  9787 | D:8      | 9787 ||| FLEEEEING.
  9788 | D:8      | 9788 ||| FLEEEEING.
  9792 | D:8      | 9792 ||| FLEEEEING.
  9793 | D:8      | 9793 ||| FLEEEEING.
  9794 | D:8      | 9794 ||| FLEEEEING.
  9795 | D:8      | 9795 ||| FLEEEEING.
  9796 | D:8      | 9796 ||| FLEEEEING.
  9797 | D:8      | 9797 ||| FLEEEEING.
  9801 | D:8      | 9801 ||| FLEEEEING.
  9802 | D:8      | 9802 ||| FLEEEEING.
  9803 | D:8      | 9803 ||| FLEEEEING.
  9804 | D:8      | 9804 ||| FLEEEEING.
  9805 | D:8      | 9805 ||| FLEEEEING.
  9809 | D:8      | 9809 ||| FLEEEEING.
  9810 | D:8      | 9810 ||| FLEEEEING.
  9811 | D:8      | 9811 ||| FLEEEEING.
  9812 | D:8      | 9812 ||| FLEEEEING.
  9813 | D:8      | 9813 ||| FLEEEEING.
  9814 | D:8      | 9814 ||| FLEEEEING.
  9819 | D:8      | 9819 ||| FLEEEEING.
  9820 | D:8      | 9820 ||| FLEEEEING.
  9821 | D:8      | 9821 ||| FLEEEEING.
  9822 | D:8      | 9822 ||| FLEEEEING.
  9823 | D:8      | 9823 ||| FLEEEEING.
  9824 | D:8      | 9824 ||| FLEEEEING.
  9825 | D:8      | 9825 ||| FLEEEEING.
  9826 | D:8      | 9826 ||| STAIRDANCE
  9888 | D:7      | 9888 ||| READING scroll labelled KESALA KIMP.
 10067 | D:8      | 10067 ||| INVOKING Heroism.
 10269 | D:8      | 10269 ||| INVOKING Heroism.
 10524 | D:8      | 10524 ||| READING scroll labelled SIXOUZO NUFIJ.
 10599 | D:9      | 10599 ||| INVOKING Heroism.
 10600 | D:9      | 10600 ||| Stepping ~*~*~tactically~*~*~ (hiding).
 10616 | D:9      | Reached skill level 11 in Axes
 10645 | D:9      | Reached *** piety under Okawaru
 10646 | D:9      | Reached skill level 6 in Armour
 10652 | D:9      | 10652 ||| FLEEEEING.
 10658 | D:9      | 10658 ||| STAIRDANCE
 10807 | D:9      | Found a staircase to the Lair.
 10827 | D:9      | 10827 ||| Stepping ~*~*~tactically~*~*~ (stealth).
 10864 | D:9      | 10864 ||| INVOKING Heroism.
 10864 | D:9      | Noticed a two-headed ogre
 10869 | D:9      | Reached skill level 9 in Fighting
 10882 | D:9      | Killed a two-headed ogre
 10883 | D:9      | Reached XP level 11. HP: 48/71 MP: 12/14
 11130 | D:9      | Identified the +6 chain mail "Qyoresk" {Will+ Int+2}
 11166 | D:9      | 11166 ||| READING scroll of enchant weapon.
 11166 | D:9      | 11166 ||| ENCHANTING +1 war axe.
 11361 | D:9      | Found a burning altar of Makhleb.
 11365 | D:9      | 11365 ||| Stepping ~*~*~tactically~*~*~ (stealth).
 11379 | D:9      | Reached **** piety under Okawaru
 11764 | D:9      | 11764 ||| PLANNING LAIR
 11764 | D:9      | 11764 ||| UPGRADING to +6 chain mail "Qyoresk" {Will+
                  | Int+2}.
 11774 | D:9      | 11774 ||| READING 12 scrolls of identify.
 11774 | D:9      | 11774 ||| IDENTIFYING green potion
 11775 | D:9      | 11775 ||| DROPPING potion of degeneration.
 11800 | Lair:1   | Entered Level 1 of the Lair of Beasts
 11892 | Lair:1   | 11892 ||| Stepping ~*~*~tactically~*~*~ (stealth).
 11995 | Lair:1   | 11995 ||| INVOKING Heroism.
 12149 | Lair:1   | 12149 ||| Stepping ~*~*~tactically~*~*~ (stealth).
 12171 | Lair:1   | 12171 ||| INVOKING Heroism.
 12192 | Lair:1   | Reached skill level 12 in Axes
 12388 | Lair:1   | 12388 ||| INVOKING Heroism.
 12822 | Lair:1   | 12822 ||| READING scroll labelled WYTI SUERPHIGH.
 12823 | Lair:1   | 12823 ||| READING 11 scrolls of identify.
 12823 | Lair:1   | 12823 ||| IDENTIFYING golden potion
 12824 | Lair:1   | 12824 ||| DROPPING potion of invisibility.
 12923 | Lair:2   | Reached skill level 6 in Invocations
 13095 | Lair:2   | 13095 ||| Stepping ~*~*~tactically~*~*~ (stealth).
 13096 | Lair:2   | 13096 ||| INVOKING Heroism.
 13109 | Lair:2   | Reached skill level 6 in Shields
 13161 | Lair:2   | 13161 ||| INVOKING Heroism.
 13202 | Lair:2   | 13202 ||| INVOKING Heroism.
 13300 | Lair:2   | Noticed a four-headed hydra
 13301 | Lair:2   | 13301 ||| INVOKING Heroism.
 13303 | Lair:2   | 13303 ||| SWAPPING to +2 morningstar.
 13310 | Lair:2   | Killed a four-headed hydra
 13310 | Lair:2   | Reached ***** piety under Okawaru
 13311 | Lair:2   | 13311 ||| SWAPPING to +2 war axe.
 13421 | Lair:2   | 13421 ||| INVOKING Heroism.
 13470 | Lair:2   | Noticed a death yak
 13471 | Lair:2   | 13471 ||| INVOKING Finesse.
 13472 | Lair:2   | 13472 ||| INVOKING Heroism.
 13476 | Lair:2   | Noticed a death yak
 13482 | Lair:2   | Noticed a death yak
 13486 | Lair:2   | Killed a death yak
 13487 | Lair:2   | Noticed a death yak
 13498 | Lair:2   | Killed a death yak
 13499 | Lair:2   | Reached XP level 12. HP: 61/77 MP: 11/18
 13499 | Lair:2   | Noticed a six-headed hydra
 13505 | Lair:2   | 13505 ||| SWAPPING to +2 morningstar.
 13506 | Lair:2   | 13506 ||| Stepping ~*~*~tactically~*~*~ (outnumbered).
 13507 | Lair:2   | 13507 ||| Stepping ~*~*~tactically~*~*~ (outnumbered).
 13508 | Lair:2   | 13508 ||| Stepping ~*~*~tactically~*~*~ (outnumbered).
 13509 | Lair:2   | 13509 ||| Stepping ~*~*~tactically~*~*~ (outnumbered).
 13510 | Lair:2   | 13510 ||| Stepping ~*~*~tactically~*~*~ (outnumbered).
 13513 | Lair:2   | 13513 ||| INVOKING Heroism.
 13514 | Lair:2   | 13514 ||| Stepping ~*~*~tactically~*~*~ (stealth).
 13515 | Lair:2   | 13515 ||| Stepping ~*~*~tactically~*~*~ (outnumbered).
 13524 | Lair:2   | Killed a death yak
 13532 | Lair:2   | Killed a death yak
 13537 | Lair:2   | 13537 ||| INVOKING Finesse.
 13539 | Lair:2   | Killed a six-headed hydra
 13540 | Lair:2   | 13540 ||| SWAPPING to +2 war axe.
 13602 | Lair:2   | 13602 ||| Stepping ~*~*~tactically~*~*~ (stealth).
 13603 | Lair:2   | 13603 ||| INVOKING Heroism.
 13882 | Lair:2   | Noticed a five-headed hydra
 13883 | Lair:2   | 13883 ||| INVOKING Heroism.
 13884 | Lair:2   | 13884 ||| INVOKING Finesse.
 13888 | Lair:2   | 13888 ||| SWAPPING to +2 morningstar.
 13898 | Lair:2   | Killed a five-headed hydra
 13899 | Lair:2   | Reached skill level 9 in Invocations
 13899 | Lair:2   | 13899 ||| SWAPPING to +2 war axe.
 14245 | Lair:2   | Found a staircase to the Swamp.
 14350 | Lair:2   | 14350 ||| UPGRADING to +6 ring of strength.
 14352 | Lair:2   | 14352 ||| DROPPING +6 ring of dexterity.
 14420 | Lair:3   | 14420 ||| INVOKING Heroism.
 14455 | Lair:3   | HP: 18/77 [blink frog (2)]
 14456 | Lair:3   | 14456 ||| READING 5 scrolls of teleportation.
 14461 | Lair:3   | 14461 ||| READING 4 scrolls of teleportation.
 14462 | Lair:3   | HP: 3/77 [cane toad (17)]
 14465 | Lair:3   | Slain by a cane toad

Levels and vault maps discovered:
D:1:      scummos_arrival_star, layout_basic
D:2:      layout_loops_cross, serial_shops, shop_fountains, minmay_tromino_mix6,
          uniq_terence
D:3:      layout_basic, grunt_temple_overflow_open,
          ebering_ecumenical_altar_abandoned, kennysheep_jessica_study
D:4:      layout_basic, kennysheep_little_box, serial_shops, shop,
          gammafunk_ghost_arena, uniq_pargi, uniq_grinder
D:5:      layout_loops_ring, mainiacjoe_overflow_cross_hatched,
          mainiacjoe_overflow_paths, nicolae_shop_i_like_big_books
D:6:      layout_basic, vehumet_altar_wand_db, kennysheep_mini,
          mainiacjoe_overflow_alcove_1, nicolae_overflow_crystal_walls,
          fedhas_altar_1, minmay_temple_entry_statues_fountains, serial_glass,
          glass_columns_a, glass_columns_c, glass_columns_b, glass_columns_b,
          serial_shops, nicolae_shop_behind_doors, nicolae_shop_waterfront,
          nicolae_lakefront_shop, shop, shop, hangedman_abyss_or_decor_passed
D:7:      layout_loops_corners
D:8:      layout_basic, mainiacjoe_overflow_surrounded_room, special_room
          [special_room_orc], minmay_orc_keep
D:9:      layout_basic, lemuel_tele_altar, minmay_lair_entry_grove
Temple:   hellmonk_temple_forest_ring
Lair:1:   layout_cave_pods, st_stairs_11, serial_bayou_shore_b
Lair:2:   layout_roguey, palyth_hydra_swamp_entry, lemuel_fruit_tree,
          grunt_megastairs_3
Lair:3:   layout_misc_corridors, nicolae_spider_entry_tight_spaces,
          ebering_ghost_disaster_area, grunt_megastairs_1

Skill      XL: |  1  2  3  4  5  6  7  8  9 10 11 12 |
---------------+-------------------------------------+-----
Axes           | 2 3 4 5 6 7 8 10 11 12 | 12.8
Fighting       | 4 5 6 7 9 10 | 10.0
Dodging        | 1 2 |  2.1
Armour         | 5 6 7 |  7.0
Shields        | 4 5 6 |  6.0
Invocations    | 4 8 9 |  9.5
Throwing       | 1 |  1.2

Action                   |  1- 3 |  4- 6 |  7- 9 | 10-12 || total
-------------------------+-------+-------+-------+-------++-------
Melee: War axe           |    66 |   156 |   383 |   481 ||  1086
       Morningstar       |       |       |       |    41 ||    41
Throw: Boomerang         |       |       |       |    45 ||    45
Invok: Heroism           |       |       |     9 |    23 ||    32
       Finesse           |       |       |       |     3 ||     3
  Use: Scroll            |     3 |    12 |     5 |     8 ||    28
       Potion            |     1 |       |     4 |       ||     5
Armor: Scale mail        |    27 |    58 |       |       ||    85
       Chain mail        |       |    46 |   216 |   252 ||   514
       Plate armour      |       |       |    63 |       ||    63
Dodge: Dodged            |    23 |    73 |   123 |   148 ||   367
Block: Buckler           |    12 |    32 |    61 |    87 ||   192

Table legend:
 A = Non-vault XP
 B = Vault XP
 C = Vault XP percentage of total XP
 D = Non-vault monster count
 E = Vault monster count
 F = Vault count percentage of total count
                 A         B        C        D         E       F
            +---------+---------+-------+---------+---------+-------
      Total |   17134 |    6964 |  28.9 |     199 |      74 |  27.1
            +---------+---------+-------+---------+---------+-------
        D:1 |      38 |       0 |   0.0 |      21 |       0 |   0.0
        D:2 |      26 |      44 |  62.9 |      13 |       3 |  18.8
        D:3 |     152 |      39 |  20.4 |      24 |       2 |   7.7
        D:4 |     170 |     422 |  71.3 |       8 |       2 |  20.0
        D:5 |     769 |       0 |   0.0 |      16 |       0 |   0.0
        D:6 |    1087 |       2 |   0.2 |      27 |       1 |   3.6
        D:7 |    1373 |       0 |   0.0 |      23 |       0 |   0.0
        D:8 |    2310 |     893 |  27.9 |      20 |      34 |  63.0
        D:9 |    1327 |    1792 |  57.5 |      10 |      12 |  54.5
     Lair:1 |    2685 |     230 |   7.9 |      14 |       2 |  12.5
     Lair:2 |    5710 |    3397 |  37.3 |      11 |      17 |  60.7
     Lair:3 |    1487 |     145 |   8.9 |      12 |       1 |   7.7
            +---------+---------+-------+---------+---------+-------
